Map: Miner Evacuation

Players

RyuKey

  • Race: Terran Terran
  • League: Diamond

Marex

  • Race: Zerg Zerg
  • Spawn Location: 7:00

VOD

Have the link to the VOD?

Description

Time

  • Played on: June 4, 2020, 10:06 a.m.
  • Length: 11:41
Show
View Real Time Build Order
Export as new Build Order

RyuKey Terran 

Build Orders:  

Get SALT Encoding   

  12  0:04  SCV  
  13  0:16  SCV  
  14  0:24  SCV  
  14  0:29  Supply Bunker  
  15  0:47  Refinery  
  15  0:49  SCV  
  16  0:51  Refinery  
  16  0:59  SCV  
  17  1:03  Barracks  
  17  1:13  SCV  
  17  1:16  Engineering Bay  
  18  1:21  SCV  
  18  1:29  SCV  
  20  1:37  Supply Bunker  
  20  1:38  SCV  
  21  1:46  SCV  
  22  1:56  SCV  
  22  1:59  Supply Bunker  
  23  2:04  SCV  
  23  2:06  Terran Infantry Weapons Level 1  
  24  2:28  Ghost Academy  
  24  2:30  SCV  
  24  2:37  Command Center  
  24  2:38  SCV  
  26  2:48  SCV  
  26  2:49  Supply Bunker  
  28  3:04  Dominion Trooper  
  28  3:09  Factory  
  29  3:11  Supply Bunker  
  29  3:12  Dominion Trooper  
  29  3:16  SCV  
  31  3:32  Dominion Trooper, SCV, Factory  
  32  3:49  Dominion Trooper  
  34  3:57  Dominion Trooper x11  
  34  3:58  Dominion Trooper x2  
  34  4:25  SCV  
  34  4:28  SCV  
  36  4:33  SCV  
  36  4:34  Supply Bunker  
  36  4:35  Siege Tank  
  36  4:36  SCV  
  36  4:37  Supply Bunker  
  44  4:43  SCV  
  44  4:44  SCV  
  46  5:02  SCV x2  
  48  5:10  SCV x2  
  50  5:36  Terran Infantry Armor Level 1  
  50  6:14  SCV  
  50  6:15  SCV  
  50  6:19  Siege Tank  
  52  6:22  SCV  
  52  6:23  SCV  
  54  6:30  SCV  
  54  6:58  SCV  
  55  7:06  SCV  
  55  7:08  Siege Tank  
  64  7:36  Dominion Trooper x2  
  66  7:41  Command Center  
  66  7:44  Dominion Trooper x2  
  66  7:49  Dominion Trooper x6, Supply Bunker  
  74  7:52  Dominion Trooper x2, SCV x2  
  74  7:53  Siege Tank, Command Center  
  76  8:16  Neosteel Armor  
  78  8:26  Dominion Trooper x2  
  80  8:34  Dominion Trooper x2  
  82  8:42  Dominion Trooper x2  
  82  8:49  Dominion Trooper  
  84  8:50  Dominion Trooper  
  84  8:55  Siege Tank  
  84  9:00  Siege Tank  
  84  9:03  SCV x2  
  84  9:08  Dominion Trooper x4  
  84  9:09  Dominion Trooper x4  
  86  9:10  Dominion Trooper x3  
  86  9:19  Dominion Trooper x2  
  89  9:26  Ghost  
  89  9:27  Dominion Trooper x2  
  95  9:35  Dominion Trooper x2  
  94  9:51  Siege Tank  
  94  10:17  Dominion Trooper x3  
  97  10:25  Dominion Trooper x3  
  98  10:32  Dominion Trooper  
  104  11:01  Dominion Trooper x6, Supply Bunker  
  104  11:19  Dominion Trooper x2  
  109  11:20  Dominion Trooper  
  109  11:27  Dominion Trooper x2  
  109  11:28  Dominion Trooper  
  112  11:35  Dominion Trooper x2  
Show
View Real Time Build Order
Export as new Build Order

Marex Zerg 

Build Orders:  

Get SALT Encoding   

Tags
 
Add a new tag
Caveats
  • Supply blocks, unpowered buildings, or Contaminate may cause inaccurate times.
  • Supply counts are checked every 10 seconds.